 Dungeon Crawl Stone Soup version 0.29.1-14-g9c671dbff4 (webtiles) character file.

Game seed: 8433869023715950156

68 Heoruswealwe the Grave Robber (level 4, -2/24 HPs)
             Began as a Deep Elf Necromancer on Feb 13, 2023.
             Slain by a gnoll
             ... wielding a +0 flail
              (8 damage)
             ... on level 2 of the Dungeon.
             The game lasted 00:11:49 (800 turns).

Heoruswealwe the Grave Robber (Deep Elf Necromancer) Turns: 800, Time: 00:11:50

Health: -2/24      AC:  2    Str:  5    XL:     4   Next: 1%
Magic:  8/10       EV: 12    Int: 22    God:
Gold:   30         SH:  0    Dex: 15    Spells: 8/9 levels left

rFire   . . .      SeeInvis .   h - +2 whip (elec)
rCold   . . .      Faith    .   (no shield)
rNeg    . . .      Spirit   .   f - +0 robe
rPois   .          Reflect  .   (no helmet)
rElec   .          Harm     .   (no cloak)
rCorr   .          Rampage  .   (no gloves)
Will    .....                   (no boots)
Stlth   ++........              (no amulet)
HPRegen 0.08/turn               (no ring)
MPRegen 0.12/turn               (no ring)

@: no status effects
A: no striking features
a: no special abilities


You were on level 2 of the Dungeon.
You visited 1 branch of the dungeon, and saw 2 of its levels.

You collected 30 gold pieces.

Inventory:

Hand Weapons
 d - a +0 dagger
 g - a +0 dagger
 h - a +2 whip of electrocution (weapon)
 k - a +0 long sword
 n - a +0 dagger
 o - a +0 dagger
 p - a +0 short sword
 s - a +0 club
 t - a +0 dagger
 u - a +0 flail
 v - a +0 dagger
 w - a +0 quarterstaff
Missiles
 r - 5 stones
Armour
 a - a +0 robe
 e - a +0 robe
 f - a +0 robe (worn)
 j - a +0 tower shield
 m - a +0 scale mail
Jewellery
 q - a ring of protection from cold
Scrolls
 c - a scroll of enchant weapon {unknown}
 i - a scroll of fear {unknown}
Potions
 l - a potion of curing {unknown}


   Skills:
 + Level 0.7 Fighting
 + Level 0.2 Short Blades
 + Level 2.6 Dodging
 + Level 2.7 Stealth
 * Level 3.2 Spellcasting
 + Level 0.7 Conjurations
 + Level 0.4 Hexes
 + Level 0.3 Summonings
 * Level 5.0 Necromancy
 + Level 0.4 Translocations
 + Level 0.3 Transmutations
 + Level 0.3 Fire Magic
 + Level 0.5 Ice Magic
 + Level 0.5 Air Magic
 + Level 0.3 Earth Magic
 + Level 0.6 Poison Magic
 + Level 1.1 Invocations
 + Level 0.4 Evocations


You had 8 spell levels left.
You knew the following spells:

 Your Spells              Type           Power      Damage    Failure   Level
a - Necrotise             Necr           100%       1d9       1%          1

Your spell library contained the following spells:

 Spells                   Type           Power      Damage    Failure   Level
 Vampiric Draining        Necr           25%        2d7       4%          3
 Animate Dead             Necr           25%        N/A       16%         4
 Ozocubu's Armour         Ice            5%         N/A       28%         3
 Agony                    Necr           25%        N/A       41%         5
 Ozocubu's Refrigeration  Ice            2%         4d8       100%        7


Dungeon Overview and Level Annotations

Branches:
Dungeon (2/15)

Altars:
Ru


Message History

Confirm with . or Enter, or press ? or * to list all spells.
Aiming: Necrotise (safe; 1% risk of failure)
Press: ? - help, Shift-Dir - straight line, f - adder
Aim: an adder (chance to affect: 88%)
The adder writhes in agony!
The bat hits you. The adder closely misses you.
The adder attacks as you move away! The adder bites you.
* * * LOW HITPOINT WARNING * * *
The bat barely misses you.
Casting: Necrotise (safe; 1% risk of failure)
Confirm with . or Enter, or press ? or * to list all spells.
Aiming: Necrotise (safe; 1% risk of failure)
Press: ? - help, Shift-Dir - straight line, f/p - adder
Aim: an adder (severely wounded, chance to affect: 88%)
The adder writhes in agony!
You kill the adder!
The dead are slithering!
The bat misses you.
You have reached level 4!
You feel clever. Magic courses through your body. The gnoll misses you.
The bat closely misses you.
Casting: Necrotise (safe; 1% risk of failure)
Confirm with . or Enter, or press ? or * to list all spells.
Aiming: Necrotise (safe; 1% risk of failure)
Press: ? - help, Shift-Dir - straight line, f - bat
Aim: a bat (ally target, chance to affect: 93%)
The bat barely resists.
The bat hits you but does no damage. The bat hits your adder skeleton.
The bat barely misses your adder skeleton.
Your adder skeleton bites the bat.
Something hits your adder skeleton.
Casting: Necrotise (safe; 1% risk of failure)
Confirm with . or Enter, or press ? or * to list all spells.
Aiming: Necrotise (safe; 1% risk of failure)
Press: ? - help, Shift-Dir - straight line, f - gnoll, p - bat
Aim: a gnoll, wielding a +0 flail (ally target, chance to affect: 88%)
The gnoll barely resists.
The bat barely misses you. x2
Your adder skeleton bites the bat.
The bat dies!
Something barely misses your adder skeleton.
The gnoll hits you with a +0 flail!
You die...

. .## .. ..# ..# #.#
##.#### #.##......#
########..........
........Z............
###g.Z.)......... ..
#..@##..........#...
#...###...........#...
....# #...Z..........>
........#)#.........#
.. .##..Z.#.........#
...g###.........#
.#...............####
#...................
..........<.......###


You could see a gnoll (ally target), a friendly adder skeleton and a friendly
gnoll skeleton.

Vanquished Creatures
  Natasha (D:2)
  A gnoll (D:2)
  An adder (D:2)
  3 endoplasms (D:1)
  3 goblins (D:1)
  3 hobgoblins (D:1)
  A quokka (D:2)
  A ball python (D:1)
  2 bats
  4 frilled lizards
  A kobold (D:1)
  2 rats (D:1)
23 creatures vanquished.

Vanquished Creatures (collateral kills)
  A kobold (D:1)
  A ball python (D:1)
  3 bats
5 creatures vanquished.

Vanquished Creatures (others)
  A fungus (D:1)
  2 plants (D:1)
3 creatures vanquished.

Grand Total: 31 creatures vanquished

Notes
Turn   | Place    | Note
-------+----------+-------------------------------------------
     0 | D:1      | Heoruswealwe the Deep Elf Necromancer began the quest for
                  | the Orb.
     0 | D:1      | Reached XP level 1. HP: 10/10 MP: 6/6
   209 | D:1      | Reached XP level 2. HP: 10/15 MP: 6/8
   634 | D:1      | Reached skill level 1 in Invocations
   654 | D:1      | Found a faded altar of an unknown god.
   675 | D:1      | Prayed at the altar of an unknown god.
   675 | D:1      | Became a worshipper of Ru the Awakened
   676 | D:1      | Fell from the grace of Ru
   740 | D:2      | Noticed Natasha
   749 | D:2      | Killed Natasha
   750 | D:2      | Reached XP level 3. HP: 8/20 MP: 2/9
   791 | D:2      | Reached skill level 5 in Necromancy
   797 | D:2      | Reached XP level 4. HP: 6/24 MP: 0/10
   800 | D:2      | Slain by a gnoll

Illustrated notes

Levels and vault maps discovered:
D:1:      co_arrival_square_in_a_square_in_a_square, layout_rooms,
          shapermc_ecumenical_altar_petra, minivault_4, corexii_hall_statues_i
D:2:      layout_rooms, uniq_natasha, uniq_jessica

Skill      XL: |  1  2  3 |
---------------+----------+-----
Invocations    | 1 |  1.1
Necromancy     | 5 |  5.0
Fighting       | |  0.7
Short Blades   | |  0.2
Dodging        | |  2.6
Stealth        | |  2.7
Spellcasting   | |  3.2
Conjurations   | |  0.7
Hexes          | |  0.4
Summonings     | |  0.3
Translocations | |  0.4
Transmutations | |  0.3
Fire Magic     | |  0.3
Ice Magic      | |  0.5
Air Magic      | |  0.5
Earth Magic    | |  0.3
Poison Magic   | |  0.6
Evocations     | |  0.4

Action                   |  1- 3 |  4- 6 || total
-------------------------+-------+-------++-------
Melee: Whip              |    15 |       ||    15
 Cast: Necrotise         |    38 |     2 ||    40
Invok: Renounce Religion |     1 |       ||     1
  Use: Potion            |       |     1 ||     1
Armor: Robe              |     3 |     1 ||     4
Dodge: Dodged            |    10 |     4 ||    14
